 Dungeon Crawl Stone Soup version 0.16.1-30-g34a7ffa (webtiles) character file.

707 Krapule the Changer (level 7, 0/53 HPs)
             Began as a Merfolk Transmuter on June 21, 2015.
             Slain by an adder skeleton (3 damage)
             ... on level 5 of the Dungeon.
             The game lasted 00:25:38 (7452 turns).

Krapule the Changer (Merfolk Transmuter)            Turns: 7452, Time: 00:25:38

Health: 0/53       AC:  4    Str: 11    XL:     7   Next: 67%
Magic:  15/15      EV: 15    Int: 13    God:
Gold:   89         SH:  0    Dex: 15    Spells: 1 memorised, 12 levels left

rFire  . . .     SeeInvis .     i - +0 whip (pain)
rCold  . . .     Clarity  .     c - +0 robe
rNeg   . . .     SustAb   .     (no shield)
rPois  +         Gourm    .     (no helmet)
rElec  .         Spirit   .     w - +0 cloak
rCorr  .         Warding  .     (no gloves)
rMut   .         Stasis   .     s - +0 pair of boots
MR     .....                    (no amulet)
Stlth  +.........               (no ring)
                                g - ring of poison resistance

@: not resistant to hostile enchantments, very unstealthy
A: change form in water, swift swim
a: no special abilities


You were on level 5 of the Dungeon.
You were not hungry.

You visited 1 branch of the dungeon, and saw 5 of its levels.

You collected 89 gold pieces.

Inventory:

Hand weapons
 f - a +0 whip of electrocution
 i - a +0 whip of pain (weapon)
Missiles
 b - 57 arrows
 y - a throwing net (quivered)
Armour
 c - a +0 robe (worn)
 s - a +0 pair of boots (worn)
 w - a +0 cloak (worn)
Jewellery
 g - a ring of poison resistance (left hand)
 v - an uncursed ring of wizardry {unknown}
Magical devices
 o - a wand of fire (0)
 A - a wand of teleportation (0)
Scrolls
 e - 5 scrolls of identify
 h - 3 scrolls of remove curse
 k - a scroll of amnesia {unknown}
 l - 2 scrolls of magic mapping {unknown}
 n - 2 scrolls of recharging {unknown}
 q - a scroll of enchant armour {unknown}
 t - a scroll of random uselessness {unknown}
 u - a scroll of blinking {unknown}
 x - a scroll of teleportation {unknown}
Potions
 r - a potion of magic {unknown}
 C - a potion of heal wounds {unknown}
Books
 d - a book of Changes

   Spells                             Type                      Level
   a - Beastly Appendage              Transmutation                1
   b - Sticks to Snakes               Transmutation                2
   c - Spider Form                    Transmutation/Poison         3
   d - Ice Form                       Ice/Transmutation            4
   e - Blade Hands                    Transmutation                5
 D - a book of Minor Magic

   Spells                             Type                      Level
   a - Magic Dart                     Conjuration                  1
   b - Blink                          Translocation                2
   c - Call Imp                       Summoning                    2
   d - Repel Missiles                 Charms/Air                   2
   e - Slow                           Hexes                        2
   f - Conjure Flame                  Conjuration/Fire             3
   g - Mephitic Cloud                 Conjuration/Poison/Air       3
Comestibles
 a - 4 bread rations
 m - a royal jelly
 p - a meat ration
 B - a beef jerky


   Skills:
 + Level 3.7 Fighting
 + Level 5.3 Dodging
 - Level 5.0 Unarmed Combat
 + Level 3.8 Spellcasting
 + Level 5.9 Transmutations


You had 12 spell levels left.
You knew the following spells:

 Your Spells              Type           Power        Failure   Level  Hunger
a - Beastly Appendage     Trmt           ###...       1%          1    None


Dungeon Overview and Level Annotations

Branches:
Dungeon (5/15)
 Temple: D:4-7

Altars:
Ashenzari
Fedhas

Annotations:
D:3 emiel's ghost, average NaEE


Message History

The kobold shouts!
You hear a shout!
Found a ring mail, a robe and a potion of agility.
Found a stone staircase leading down.
An ogre comes into view. It is wielding a giant spiked club.
The ogre shouts!
Found an escape hatch in the ceiling.
The hound bites you.
* * * LOW HITPOINT WARNING * * *
Found a scroll labeled PLIUKA SIUMALOS.
Evoke which item? (* to show all) (? for menu, Esc to quit)
Zapping:
A - a wand of teleportation {zapped: 6} (will waste charges)
Press: ? - help, Shift-Dir - straight line, f - you Nothing appears to happen.
The hound barely misses you. The hound bites you.
* * * LOW HITPOINT WARNING * * *
The hound barely misses you. The adder skeleton closely misses you.
The hound bites you but does no damage. The hound completely misses you.
There is an escape hatch in the ceiling here.
The adder skeleton bites you.
You die...

#......O...
##.#.......
#.# .....
#.#######
###.#...#
#..K..#
###.....#
#...Zh..#
#.#?#@#.#
#.#.....# #
###.### ..#
###


You could see a hound, a kobold and an adder skeleton.

Vanquished Creatures
  The ghost of Krapule the Insei, an average OpTm (D:4)
  A giant frog (D:4)
  3 hounds
  An orc priest (D:3)
  An orc wizard (D:3)
  5 worker ants
  A hound zombie (D:5)
  Terence (D:3)
  7 gnolls
  4 adders
  A giant mite (D:2)
  3 worms
  An adder zombie (D:5)
  An adder skeleton (D:4)
  4 giant geckos
  An ooze (D:2)
  14 orcs
  A bat skeleton (D:4)
  5 giant cockroaches
  12 goblins
  10 hobgoblins
  13 kobolds
  3 ball pythons
  13 bats
  A giant gecko zombie (D:5)
  3 giant newts (D:1)
  4 jackals (D:3)
  A jackal skeleton (D:4)
  10 rats
126 creatures vanquished.

Notes
Turn   | Place    | Note
--------------------------------------------------------------
     0 | D:1      | Krapule, the Merfolk Transmuter, began the quest for the Orb.
     0 | D:1      | Reached XP level 1. HP: 15/15 MP: 3/3
   348 | D:1      | Reached XP level 2. HP: 15/21 MP: 4/4
   928 | D:1      | Reached XP level 3. HP: 26/26 MP: 6/6
  1656 | D:2      | Found a shattered altar of Ashenzari.
  1908 | D:2      | Reached XP level 4. HP: 22/33 MP: 8/8
  2313 | D:2      | Reached skill level 4 in Unarmed Combat
  2706 | D:3      | Found a blossoming altar of Fedhas.
  3005 | D:3      | Noticed emiel's ghost (average NaEE)
  3230 | D:3      | Noticed Terence
  3332 | D:3      | Killed Terence
  3332 | D:3      | Reached XP level 5. HP: 16/38 MP: 7/9
  4658 | D:4      | Reached XP level 6. HP: 45/45 MP: 12/12
  4843 | D:4      | Noticed a phantom
  5661 | D:4      | Reached skill level 5 in Transmutations
  5760 | D:4      | Noticed Krapule's ghost (average OpTm)
  5800 | D:4      | Killed Krapule's ghost
  6102 | D:5      | Entered Level 5 of the Dungeon
  6356 | D:4      | Reached XP level 7. HP: 27/52 MP: 13/15
  6555 | D:4      | Reached skill level 5 in Dodging
  6760 | D:5      | Reached skill level 5 in Unarmed Combat
  7445 | D:5      | HP: 2/53 [hound (3)]
  7452 | D:5      | Slain by an adder skeleton

Action                   |  1- 3 |  4- 6 |  7- 9 || total
-------------------------+-------+-------+-------++-------
Melee: Unarmed           |    43 |       |       ||    43
       Whip              |   112 |   286 |   141 ||   539
 Cast: Beastly Appendage |       |     7 |     8 ||    15
Evoke: Wand              |       |     3 |     1 ||     4
  Use: Potion            |     1 |     3 |     1 ||     5
       Scroll            |       |     1 |       ||     1
 Stab: Sleeping          |       |     3 |       ||     3
  Eat: Chunk             |     3 |    13 |     5 ||    21
